AoeStats
← AiM | Facu1414

African Clearing

505377351Analyzed
4v4 RM · 23d ago on Sep 9, 2026· 21m 10s· 8 players
Game mode
Random Map
Map size
Large (8 player)
Population
200
Speed
Normal
Resources
Standard
Victory
Conquest
Starting age
Dark Age
Ending age
Imperial Age
RankedLock teamsTeams togetherTeam positionsShared explorationLock speedFull tech treeHidden civsTurbo modeCheats
Victory
Defeat
1663
+12
🇨🇴 Cumans · Colombia
1658
+12
🇧🇷 Armenians · Brazil
1655
+12
🇲🇽 Vikings · Mexico
1501
+18
1628
-16
🇦🇷 Magyars · Argentina
1568
-14
🇦🇷 Vietnamese · Argentina
1551
-13
🇲🇽 Khmer · Mexico
1510
-11
Kekers
3:30 Loom
13:46 Feudal Age
17:46 Castle Age
16:03 Double-Bit Axe
17:51 Gold Mining
17:49 Horse Collar
19:08 Bow Saw
21:05 Fletching
3 Times hidden pool survivor
4:32 Loom
11:27 Feudal Age
11:32 Man-at-Arms
12:29 Arson
17:24 Forging
17:09 Fletching
18:33 Scale Mail Armor
Sebasky
12:07 Feudal Age
12:56 Double-Bit Axe
18:15 Forging
18:55 Bloodlines
19:06 Horse Collar
20:19 Scale Barding Armor
kazumakine
5:42 Loom
8:15 Loom
12:17 Feudal Age
12:26 Man-at-Arms
12:52 Town Watch
CTM | HerectorAlejandroBotas
3:56 Loom
12:40 Feudal Age
13:14 Double-Bit Axe
18:21 Forging
ZEK000
4:27 Loom
12:01 Feudal Age
12:43 Double-Bit Axe
AiM | Facu1414
10:09 Loom
14:50 Feudal Age
18:30 Castle Age
16:22 Double-Bit Axe
17:52 Scale Barding Armor
19:31 Chain Barding Armor
AIM | Agua cate 98
3:48 Loom
14:28 Feudal Age
18:54 Town Watch
Connection lost

Rejoining the realm…

Still unreachable

The connection could not be restored.

Session expired

The server has moved on; the page needs a fresh start.